[Event "Titled Tuesday Blitz August 1 Late 2023"]
[White "Adewumi, Tanitoluwa"]
[Black "Gundam, Rohit"]
[WhiteFideId "30966396"]
[BlackFideId "75002809"]
[WhiteElo "2637"]
[BlackElo "2474"]
[Result "1-0"]
[Round "4"]
[TimeControl "180+1"]
[Date "2023.08.01"]
[WhiteClock "0:00:08"]
[BlackClock "0:00:00"]
[Board "61"]

1. e4 e5 2. Nf3 Nc6 3. Nc3 Nf6 4. Bb5 Nd4 5. O-O Nxb5 6. Nxb5 d6 7. d4 exd4 8. Nfxd4 Be7 9. Nc3 O-O 10. Be3 Re8 11. Re1 Bf8 12. f3 b6 13. Bg5 Bb7 14. Qd3 h6 15. Bh4 g6 16. Nd5 Bg7 17. Nb5 Bxd5 18. exd5 g5 19. Bf2 a6 20. Nd4 Qd7 21. Nf5 Re5 22. Nxg7 Kxg7 23. Bd4 Rxe1+ 24. Rxe1 Re8 25. Rxe8 Qxe8 26. Kf2 a5 27. Qf5 Qe7 28. c4 Qd8 29. b3 Qe7 30. a3 Qd8 31. b4 axb4 32. axb4 Qe7 33. b5 Qd8 34. h3 Qe7 35. g3 Qd8 36. f4 gxf4 37. Qxf4 Kg6 38. Kf3 Qe7 39. Bxf6 Qxf6 40. Qxf6+ Kxf6 41. Kf4 Kg6 42. g4 f6 43. h4 Kg7 44. Kf5 Kf7 45. h5 Kg7 46. Ke6 f5 47. gxf5 Kf8 48. Kf6 1-0


[Site "https://www.chess.com"]

[Event "Titled Tuesday Blitz August 1 Late 2023"]
[White "Tworuszka, Michal"]
[Black "Timerkhanov, Alexander"]
[WhiteFideId "1117858"]
[BlackFideId "24177938"]
[WhiteElo "2469"]
[BlackElo "2635"]
[Result "0-1"]
[Round "4"]
[TimeControl "180+1"]
[Date "2023.08.01"]
[WhiteClock "0:00:00"]
[BlackClock "0:02:41"]
[Board "62"]

1. e4 c5 2. Nf3 d6 3. d4 cxd4 4. Nxd4 Nf6 5. Nc3 a6 6. Bd3 e5 7. Nde2 b5 8. a4 b4 9. Nd5 Nxd5 10. exd5 Be7 11. Bd2 a5 12. c3 bxc3 13. Nxc3 O-O 14. O-O f5 15. Nb5 Na6 16. f4 e4 17. Bc4 Nc5 18. Kh1 Bf6 19. Bc3 Ba6 20. Qe1 Bxb5 21. axb5 a4 22. Ra3 Bxc3 23. Qxc3 Re8 24. Qd4 Qf6 25. Qxf6 gxf6 26. Kg1 Rab8 27. Kf2 Rec8 28. Ke3 Nd7 29. Be2 Nb6 30. Rd1 Rc5 31. Rd4 Nxd5+ 32. Rxd5 Rxd5 33. Bc4 Rxb5 34. Rxa4 Kg7 35. Bxd5 Rxd5 36. Ra7+ Kg6 37. b4 Rd3+ 38. Ke2 Rb3 39. Rd7 Rxb4 40. Rxd6 Rb2+ 41. Kf1 h5 42. h4 Rb3 43. Rd7 Rg3 44. Rd8 Rg4 0-1


[Site "https://www.chess.com"]

[Event "Titled Tuesday Blitz August 1 Late 2023"]
[White "Rios Escobar, Adan"]
[Black "Araujo Sanchez, Josue"]
[WhiteFideId "3403645"]
[BlackFideId "6416896"]
[WhiteElo "2462"]
[BlackElo "2631"]
[Result "0-1"]
[Round "4"]
[TimeControl "180+1"]
[Date "2023.08.01"]
[WhiteClock "0:00:00"]
[BlackClock "0:01:26"]
[Board "63"]

1. d4 g6 2. g3 Bg7 3. Bg2 Nf6 4. e4 O-O 5. Ne2 d6 6. O-O Nc6 7. Nbc3 e5 8. dxe5 Nxe5 9. f4 Nc6 10. h3 Be6 11. Be3 Re8 12. Qd2 Bc4 13. Rae1 h5 14. b3 Ba6 15. a4 Qd7 16. Nb5 Nxe4 17. Qd3 f5 18. c4 Nb4 19. Qb1 c6 20. Nbd4 d5 21. Qc1 c5 22. Nb5 d4 23. Rd1 Qe7 24. Bf2 Bxb5 25. axb5 d3 26. Rfe1 dxe2 27. Rxe2 Rad8 28. Rde1 Nd3 29. Qb1 Nxe1 30. Qxe1 Bd4 31. Bxd4 Rxd4 32. Kh2 Qd6 33. Re3 h4 34. Rf3 hxg3+ 0-1


[Site "https://www.chess.com"]

[Event "Titled Tuesday Blitz August 1 Late 2023"]
[White "Baches Garcia, Guillermo"]
[Black "Ovchinnikov, Vsevolod"]
[WhiteFideId "2209764"]
[BlackFideId "24176842"]
[WhiteElo "2453"]
[BlackElo "2626"]
[Result "1/2-1/2"]
[Round "4"]
[TimeControl "180+1"]
[Date "2023.08.01"]
[WhiteClock "0:02:15"]
[BlackClock "0:00:18"]
[Board "64"]

1. e4 g6 2. d4 Bg7 3. Be3 d6 4. Qd2 Nf6 5. f3 Nbd7 6. g4 e5 7. Ne2 exd4 8. Nxd4 Ne5 9. Be2 O-O 10. Nc3 a6 11. O-O-O b5 12. Kb1 Bb7 13. g5 Nfd7 14. f4 Nc4 15. Bxc4 bxc4 16. f5 1/2-1/2


[Site "https://www.chess.com"]

[Event "Titled Tuesday Blitz August 1 Late 2023"]
[White "Harriott, Tyrell"]
[Black "Piesik, Piotr"]
[WhiteFideId "2086484"]
[BlackFideId "1136194"]
[WhiteElo "2449"]
[BlackElo "2615"]
[Result "0-1"]
[Round "4"]
[TimeControl "180+1"]
[Date "2023.08.01"]
[WhiteClock "0:00:03"]
[BlackClock "0:00:06"]
[Board "65"]

1. d4 c5 2. e3 Nf6 3. f4 d5 4. c3 Bf5 5. Ne2 Nbd7 6. Ng3 Be4 7. Nd2 Qb6 8. Ngxe4 dxe4 9. Qc2 cxd4 10. exd4 Rc8 11. Nxe4 Qxd4 12. Bd3 Qb6 13. Qe2 Nxe4 14. Bxe4 e6 15. Be3 Bc5 16. Bd2 Nf6 17. Bf3 O-O 18. O-O-O Rfd8 19. g4 Rxd2 20. Kxd2 Qxb2+ 21. Ke1 Qxc3+ 22. Kf1 h6 23. Kg2 Qb4 24. Qd2 Qa4 25. g5 hxg5 26. fxg5 Ng4 27. Kg3 Bf2+ 28. Kg2 Bb6 29. Qd7 Ne3+ 30. Kh3 Qc2 31. Rd2 Qf5+ 32. Kg3 Rc4 33. Qe8+ Kh7 34. Rf1 Qf4+ 35. Kf2 Ng4+ 36. Ke2 Qe3+ 37. Kd1 Rd4 38. Rxd4 Qxd4+ 39. Ke2 Qb2+ 40. Kd1 Ne3+ 41. Ke1 Ba5# 0-1


[Site "https://www.chess.com"]

[Event "Titled Tuesday Blitz August 1 Late 2023"]
[White "Gabdushev, Ruslan"]
[Black "Jarmula, Lukasz"]
[WhiteFideId "4137833"]
[BlackFideId "1160664"]
[WhiteElo "2446"]
[BlackElo "2610"]
[Result "0-1"]
[Round "4"]
[TimeControl "180+1"]
[Date "2023.08.01"]
[WhiteClock "0:00:00"]
[BlackClock "0:00:20"]
[Board "66"]

1. g3 d5 2. Bg2 e5 3. d3 Nc6 4. c3 Be6 5. Nf3 f6 6. O-O Qd7 7. b4 O-O-O 8. b5 Nce7 9. a4 h5 10. Nbd2 h4 11. Qc2 Bh3 12. Bh1 hxg3 13. fxg3 Nf5 14. Re1 Bc5+ 15. d4 exd4 16. cxd4 Bxd4+ 17. Nxd4 Nxd4 18. Qc5 Nf5 19. Qxa7 Qd6 20. Nf3 Nxg3 21. Qa8+ Kd7 22. Qxb7 Nxh1 23. Kxh1 Bg4 24. Qc6+ Qxc6 25. bxc6+ Kxc6 26. Bf4 Kd7 27. Rec1 Rc8 28. Nd4 g5 29. Bg3 Ne7 30. e3 c5 31. Nb3 c4 32. Nd4 Nf5 33. Nxf5 Bxf5 34. Kg1 Bd3 35. Rc3 Rhe8 36. Kf2 Re6 37. a5 Ra6 38. Kf3 Rca8 39. Rca3 Kc6 40. Be1 Rh8 41. Bg3 Be4+ 0-1


[Site "https://www.chess.com"]

[Event "Titled Tuesday Blitz August 1 Late 2023"]
[White "brm72"]
[Black "Kirillov, Dmitry"]
[BlackFideId "34180572"]
[WhiteElo "2608"]
[BlackElo "2445"]
[Result "1-0"]
[Round "4"]
[TimeControl "180+1"]
[Date "2023.08.01"]
[WhiteClock "0:00:02"]
[BlackClock "0:00:00"]
[Board "67"]

1. e4 e5 2. Nf3 Nc6 3. d4 exd4 4. Nxd4 Bc5 5. Nb3 Bb6 6. Qe2 d6 7. Nc3 a5 8. Be3 a4 9. Bxb6 axb3 10. Be3 bxa2 11. Rxa2 Rxa2 12. Nxa2 Nf6 13. Nc3 O-O 14. g3 Bg4 15. f3 Bh5 16. Bg2 d5 17. g4 Bg6 18. g5 Nxe4 19. fxe4 d4 20. O-O dxe3 21. Qxe3 Qd4 22. Qxd4 Nxd4 23. Rf2 c6 24. Rd2 Ne6 25. h4 Ra8 26. Rd1 Bh5 27. Rd7 Nc5 28. Rd2 Kf8 29. Kf2 Ke7 30. Ke3 Ra1 31. Kf4 Rg1 32. e5 Ne6+ 33. Kg3 Re1 34. Ne4 Bg6 35. Nd6 Rxe5 36. Nxb7 Rb5 37. Bxc6 Rxb2 38. Rd7+ Kf8 39. c4 Rb3+ 40. Kf2 Rc3 41. Bd5 Nf4 42. Nd6 Nh3+ 43. Ke1 Rc1+ 44. Kd2 Rc2+ 45. Kd1 Nf2+ 46. Ke1 Nd3+ 47. Kf1 Ne5 48. Ra7 Bd3+ 49. Ke1 Bxc4 50. Bxc4 Nxc4 51. Ra8+ Ke7 52. Nf5+ Kd7 53. Nxg7 Rc1+ 54. Kf2 Rh1 55. Kg3 Nd6 56. Kg4 Rg1+ 57. Kh5 Rh1 58. Rh8 Ne4 59. Rxh7 Ng3+ 60. Kg4 Rg1 61. Nh5 Ne4+ 62. Kf5 Nd6+ 63. Kf6 Rf1+ 64. Kg7 Rh1 65. Nf6+ Ke6 66. Rh8 Nf5+ 67. Kf8 Ra1 68. h5 Ra8+ 69. Ne8 Nd6 70. Kg7 Nxe8+ 71. Kh6 Ke7 72. g6 fxg6 73. hxg6 Ra6 74. Kh7 Nf6+ 75. Kg7 Ne8+ 76. Kh7 Nf6+ 77. Kg7 Ke6 78. Rf8 Nd7 79. Rf7 Kd6 80. Kh7 Kc7 81. g7 1-0


[Site "https://www.chess.com"]

[Event "Titled Tuesday Blitz August 1 Late 2023"]
[White "Carrasco Miranda, Andres"]
[Black "Ozates, Tuna"]
[WhiteFideId "3405990"]
[BlackFideId "6354521"]
[WhiteElo "2445"]
[BlackElo "2606"]
[Result "0-1"]
[Round "4"]
[TimeControl "180+1"]
[Date "2023.08.01"]
[WhiteClock "0:00:00"]
[BlackClock "0:00:14"]
[Board "68"]

1. d4 Nf6 2. c4 e6 3. g3 Bb4+ 4. Nd2 O-O 5. Bg2 d5 6. Nf3 dxc4 7. O-O c3 8. Nc4 cxb2 9. Bxb2 Nc6 10. Nfe5 Bd7 11. Nxc6 Bxc6 12. Bxc6 bxc6 13. Ne5 Qd5 14. Qa4 Bd6 15. Nxc6 Ng4 16. h3 Nf6 17. Rac1 h5 18. Qa5 Qe4 19. Rfe1 h4 20. g4 Nxg4 21. Ne5 Nxe5 22. dxe5 Bb4 23. Qa4 Qg6+ 24. Kf1 Bxe1 25. Rxe1 Rab8 26. Ba3 Rfd8 27. Qxh4 Rd2 28. Qe7 Rd3 29. Qxc7 Rxh3 30. Qxb8+ Kh7 31. e3 Rh1+ 32. Ke2 Qc2+ 33. Kf3 Rxe1 0-1


[Site "https://www.chess.com"]

[Event "Titled Tuesday Blitz August 1 Late 2023"]
[White "Sivakumar, Shaashwath"]
[Black "Rodriguez Fontecha, Marcos"]
[WhiteFideId "30912156"]
[BlackFideId "2256576"]
[WhiteElo "2603"]
[BlackElo "2423"]
[Result "1-0"]
[Round "4"]
[TimeControl "180+1"]
[Date "2023.08.01"]
[WhiteClock "0:00:05"]
[BlackClock "0:00:00"]
[Board "69"]

1. d4 Nf6 2. Bf4 d6 3. Nc3 g6 4. e4 Bg7 5. Qd2 Nc6 6. O-O-O O-O 7. Nf3 Bg4 8. Qe3 Bxf3 9. gxf3 Nh5 10. Bg5 Qe8 11. d5 Ne5 12. Be2 f6 13. Bh6 g5 14. Bxg7 Kxg7 15. Nb5 Nf4 16. Nxc7 Qa4 17. Kb1 Rac8 18. b3 Qa5 19. Ne6+ Nxe6 20. dxe6 Ng6 21. Rd5 Qc7 22. Bd1 Nf4 23. Rd2 Qc3 24. Qe1 a5 25. h4 a4 26. Qe3 a3 27. Qxc3 Rxc3 28. hxg5 fxg5 29. Rg1 h6 30. Rd4 Ra8 31. Rb4 Ra7 32. Kc1 Nxe6 33. Kd2 Rc5 34. Be2 Kf6 35. Bc4 Nf4 36. Ke3 e6 37. Bd3 d5 38. Rb6 Ke5 39. Kd2 d4 40. Rb4 h5 41. Rc4 Rxc4 42. Bxc4 h4 43. Rxg5+ Kf6 44. Rg4 e5 45. Rxh4 b6 46. Rh6+ Kg5 47. Rxb6 Rh7 48. Rb5 Kf6 49. Rb6+ Kg5 50. Rb5 Kf6 51. Ra5 Rh2 52. Ke1 Rh1+ 53. Kd2 Rh2 54. Rxa3 Rxf2+ 55. Kc1 Rxf3 56. Kb2 Ng2 57. Ra6+ Kg5 58. Re6 Kf4 59. a4 Ke3 60. a5 Rf2 61. a6 Ne1 62. a7 Rxc2+ 63. Ka3 d3 64. a8=Q d2 65. Qa7+ 1-0


[Site "https://www.chess.com"]

[Event "Titled Tuesday Blitz August 1 Late 2023"]
[White "Lima, Kleyton Alcantara"]
[Black "Jimenez Almeida, Luis David"]
[WhiteFideId "22718397"]
[BlackFideId "22242244"]
[WhiteElo "2421"]
[BlackElo "2603"]
[Result "1-0"]
[Round "4"]
[TimeControl "180+1"]
[Date "2023.08.01"]
[WhiteClock "0:00:27"]
[BlackClock "0:00:27"]
[Board "70"]

1. d4 g6 2. c4 Bg7 3. Nc3 c5 4. d5 Bxc3+ 5. bxc3 Qa5 6. Bd2 f5 7. h4 Nf6 8. h5 Rg8 9. hxg6 hxg6 10. Nf3 d6 11. e3 Nbd7 12. Bd3 Nb6 13. Qe2 Bd7 14. g3 O-O-O 15. Kf1 e6 16. dxe6 Bxe6 17. Ng5 Bd7 18. Nf7 Bc6 19. Nxd8 Bxh1 20. Nf7 Bc6 21. Nxd6+ Kd7 22. Nxf5 gxf5 23. Bxf5+ Kc7 24. e4 Kb8 25. e5 Rh8 26. f3 Ne8 27. Kg2 Qa4 28. e6 Nxc4 29. Bf4+ Ka8 30. Bd3 Nb6 31. Qe5 Nf6 32. Qxf6 Re8 33. Qf7 Qa3 34. Re1 Qxc3 35. Re3 Qd2+ 36. Be2 Qd5 37. Rd3 Qxa2 38. Qxe8+ Bxe8 39. Rd8+ Nc8 40. Rxc8# 1-0


[Site "https://www.chess.com"]

[Event "Titled Tuesday Blitz August 1 Late 2023"]
[White "Pinheiro, Iung Alicio de O."]
[Black "Shapiro, Daniel"]
[WhiteFideId "2104350"]
[BlackFideId "2001780"]
[WhiteElo "2602"]
[BlackElo "2390"]
[Result "1-0"]
[Round "4"]
[TimeControl "180+1"]
[Date "2023.08.01"]
[WhiteClock "0:00:12"]
[BlackClock "0:00:00"]
[Board "71"]

1. e4 c5 2. Nf3 d6 3. Nc3 Nc6 4. Bb5 Bd7 5. O-O e6 6. Re1 g5 7. d4 g4 8. d5 gxf3 9. dxc6 bxc6 10. Bc4 fxg2 11. Qh5 Qf6 12. e5 Qg6 13. Qh3 d5 14. Bd3 Qg7 15. b3 Ne7 16. Na4 Ng6 17. f4 Rg8 18. c4 Qh6 19. Qxh6 Bxh6 20. Bxg6 Rxg6 21. Nxc5 Ke7 22. Ba3 Rag8 23. Ne4+ Kd8 24. Nf6 Rh8 25. Bc1 Bg7 26. Be3 Bxf6 27. exf6 Rhg8 28. Rad1 Rg4 29. Rd2 R8g6 30. Ree2 Rxf6 31. Rxg2 Rxg2+ 32. Rxg2 Ke7 33. Bc5+ Kd8 34. Rg8+ Kc7 35. Bd4 Rf5 36. Be5+ Kb6 37. Rf8 Kc5 38. cxd5 cxd5 39. Kf2 d4 40. Ke2 Kd5 41. Kd3 Bb5+ 42. Kd2 Ke4 43. Rd8 1-0


[Site "https://www.chess.com"]

[Event "Titled Tuesday Blitz August 1 Late 2023"]
[White "Mike24147"]
[Black "Gireman, Ja"]
[BlackFideId "5043794"]
[WhiteElo "2387"]
[BlackElo "2590"]
[Result "1-0"]
[Round "4"]
[TimeControl "180+1"]
[Date "2023.08.01"]
[WhiteClock "0:00:09"]
[BlackClock "0:00:00"]
[Board "72"]

1. c4 Nf6 2. g3 g6 3. Bg2 Bg7 4. Nc3 O-O 5. d4 c6 6. e4 d5 7. cxd5 cxd5 8. e5 Nfd7 9. Bxd5 Nb6 10. Bg2 f6 11. exf6 Bxf6 12. Nge2 Nc6 13. Be3 Kh8 14. h3 Nc4 15. O-O Bf5 16. b3 Nxe3 17. fxe3 e5 18. d5 Nb4 19. e4 Bd7 20. a3 Na6 21. Kh2 Rc8 22. Rc1 Bg5 23. Rc2 Nc5 24. b4 Rxf1 25. Qxf1 Nb3 26. Rb2 Nd4 27. Nxd4 exd4 28. Ne2 Be3 29. Qd1 Qf6 30. Rc2 Rf8 31. Rc7 Bb5 32. Rxb7 Qa6 33. Rxb5 Qxb5 34. Nxd4 Qb6 35. Ne6 Rf7 36. d6 Rd7 37. Qa1+ Kg8 38. Qf6 Qxd6 39. e5 Qe7 40. Qxe7 Rxe7 41. Bd5 Kh8 42. Kg2 Bc1 43. Kf3 Bxa3 44. b5 Bb2 45. Ke4 h6 46. g4 Re8 47. Nd4 Kg7 48. e6 Bxd4 49. Kxd4 Kf6 50. h4 Ke7 51. Ke5 Rb8 52. Bc6 Rb6 53. Bd7 a6 54. bxa6 Rxa6 55. g5 Ra5+ 56. Kf4 Rf5+ 57. Kg4 hxg5 58. h5 Rf6 59. h6 Rxe6 60. Bxe6 Kf6 61. Bc4 1-0


[Site "https://www.chess.com"]

[Event "Titled Tuesday Blitz August 1 Late 2023"]
[White "Abduzhaparov"]
[Black "Ganiev, Roman"]
[BlackFideId "4131452"]
[WhiteElo "2385"]
[BlackElo "2588"]
[Result "0-1"]
[Round "4"]
[TimeControl "180+1"]
[Date "2023.08.01"]
[WhiteClock "0:00:07"]
[BlackClock "0:00:28"]
[Board "73"]

1. Nf3 Nf6 2. c4 e6 3. g3 b6 4. Bg2 Bb7 5. O-O Be7 6. Nc3 O-O 7. Re1 d5 8. cxd5 Nxd5 9. d4 Nd7 10. e4 Nxc3 11. bxc3 Nf6 12. Nd2 c5 13. e5 Nd5 14. Qb3 Qd7 15. c4 Nb4 16. Bxb7 Qxb7 17. a3 Nc6 18. dxc5 Bxc5 19. Qf3 Qc7 20. Bb2 Rfd8 21. Nb3 Rac8 22. h4 Nd4 23. Bxd4 Bxd4 24. Rad1 Bxe5 25. Rxd8+ Rxd8 26. Qe3 Bf6 27. c5 bxc5 28. Qxc5 Qxc5 29. Nxc5 Be7 30. Ne4 h6 31. Kg2 Rd4 32. Nc3 Rc4 33. Nb5 a6 34. Na7 Rc7 0-1


[Site "https://www.chess.com"]

[Event "Titled Tuesday Blitz August 1 Late 2023"]
[White "Ibadov, Dashgyn"]
[Black "Vifleemskaia, Svetlana"]
[WhiteFideId "24107514"]
[BlackFideId "4129490"]
[WhiteElo "2585"]
[BlackElo "2380"]
[Result "1/2-1/2"]
[Round "4"]
[TimeControl "180+1"]
[Date "2023.08.01"]
[WhiteClock "0:00:05"]
[BlackClock "0:00:05"]
[Board "74"]

1. e4 e5 2. Nf3 Nc6 3. d4 exd4 4. Nxd4 Bb4+ 5. c3 Bc5 6. Be3 Bb6 7. Nf5 Bxe3 8. Nxe3 d6 9. c4 Nf6 10. Nc3 Qe7 11. f3 Be6 12. Be2 O-O-O 13. O-O g5 14. Ncd5 Bxd5 15. cxd5 Ne5 16. Rc1 Kb8 17. Rc3 Nfd7 18. Qa4 Nb6 19. Qd4 c5 20. dxc6 Nxc6 21. Qd2 Qe5 22. Rfc1 h5 23. Nd5 Nxd5 24. Qxd5 Qxd5 25. exd5 Ne5 26. Kf2 h4 27. Rc7 Rd7 28. Rxd7 Nxd7 29. f4 gxf4 30. Rc4 h3 31. Rxf4 hxg2 32. Kxg2 Ne5 33. b3 Kc7 34. h4 Kd7 35. h5 Ke7 36. Kg3 f6 37. Rb4 b6 38. Ra4 a5 39. b4 Ra8 40. Kf4 Kf7 41. Kf5 Ra7 42. h6 Ra8 43. bxa5 bxa5 44. h7 Kg7 45. Ke6 Kxh7 46. Kxd6 Kg6 47. Ke6 Re8+ 48. Kd6 Rd8+ 49. Kc5 Rc8+ 50. Kb6 Rd8 51. Rd4 a4 52. d6 Kf7 53. Bb5 Ke6 54. d7 Nxd7+ 55. Bxd7+ Rxd7 56. Rxa4 f5 57. Kc6 Rd6+ 58. Kc5 Rd5+ 59. Kc4 Ke5 60. Ra8 Rd4+ 61. Kc3 Rd6 62. Re8+ Re6 63. Rxe6+ Kxe6 64. a4 Kd6 65. a5 Kc6 66. Kd4 Kb5 67. Ke5 Kxa5 68. Kxf5 1/2-1/2


[Site "https://www.chess.com"]

[Event "Titled Tuesday Blitz August 1 Late 2023"]
[White "Spichkin, Alexander"]
[Black "Suder, Jakub"]
[WhiteFideId "4144074"]
[BlackFideId "1195310"]
[WhiteElo "2366"]
[BlackElo "2584"]
[Result "1-0"]
[Round "4"]
[TimeControl "180+1"]
[Date "2023.08.01"]
[WhiteClock "0:01:20"]
[BlackClock "0:00:10"]
[Board "75"]

1. f4 Nh6 2. Nf3 d5 3. e3 Bg4 4. h3 Bxf3 5. Qxf3 e6 6. b3 Nf5 7. g4 Qh4+ 8. Qf2 Qxf2+ 9. Kxf2 Nd6 10. Bb2 f6 11. Bg2 c6 12. d3 Nd7 13. Nd2 Kf7 14. e4 dxe4 15. Nxe4 Nxe4+ 16. dxe4 Bc5+ 17. Ke2 Rad8 18. Rad1 e5 19. f5 Nb6 20. h4 a5 21. a4 Na8 22. g5 Nc7 23. h5 Na6 24. h6 Bd4 25. c3 Bb6 26. hxg7 Kxg7 27. gxf6+ Kxf6 28. Rh6+ Kg7 29. Rdh1 Nc5 30. f6+ Kf7 31. Bf3 Nd3 32. Bh5+ Ke6 33. f7+ Ke7 34. Ba3+ Bc5 35. Bc1 Nf4+ 36. Bxf4 exf4 37. e5 Be3 38. e6 Rd6 39. Bg4 Rd2+ 40. Kf3 Rf2+ 41. Ke4 Rg2 42. Rxh7 Rf8 43. Rh8 Bc5 44. Rxf8 Kxf8 45. Bf3 1-0


[Site "https://www.chess.com"]

[Event "Titled Tuesday Blitz August 1 Late 2023"]
[White "Nikologorsky, Matfei"]
[Black "Adan Bermudez, Sergio"]
[WhiteFideId "24102474"]
[BlackFideId "2292726"]
[WhiteElo "2356"]
[BlackElo "2574"]
[Result "1-0"]
[Round "4"]
[TimeControl "180+1"]
[Date "2023.08.01"]
[WhiteClock "0:00:40"]
[BlackClock "0:00:36"]
[Board "76"]

1. e4 d6 2. d4 Nf6 3. Nc3 e5 4. Nf3 Nbd7 5. h3 Be7 6. a4 a5 7. Be3 c6 8. g4 h6 9. Qd2 Qc7 10. Bg2 g5 11. Bf1 Nf8 12. dxe5 dxe5 13. Bc4 Be6 14. Qe2 Ng6 15. Bxe6 fxe6 16. Qc4 Kf7 17. Bxg5 hxg5 18. Nxg5+ Ke8 19. Nxe6 Qb6 20. O-O-O Rh7 21. g5 Nh5 22. h4 Rf7 23. Rhf1 Rc8 24. Nd5 Qc5 25. Ndc7+ Rxc7 26. Nxc7+ Kf8 27. Ne6+ 1-0


[Site "https://www.chess.com"]

[Event "Titled Tuesday Blitz August 1 Late 2023"]
[White "Karamsetty, Jeevan"]
[Black "Fuzesabonyilaci"]
[WhiteFideId "2025337"]
[WhiteElo "2573"]
[BlackElo "2340"]
[Result "0-1"]
[Round "4"]
[TimeControl "180+1"]
[Date "2023.08.01"]
[WhiteClock "0:00:00"]
[BlackClock "0:00:06"]
[Board "77"]

1. e4 e6 2. d4 d5 3. Bd3 dxe4 4. Bxe4 Nf6 5. Bf3 c5 6. Ne2 cxd4 7. Qxd4 Qxd4 8. Nxd4 e5 9. Nb5 Na6 10. N1c3 Bb4 11. O-O O-O 12. Bg5 Bxc3 13. Nxc3 Nc7 14. Rfe1 Re8 15. Rad1 Rb8 16. Bxf6 gxf6 17. Ne4 Kg7 18. Nd6 Rf8 19. Be4 b6 20. h4 Be6 21. Re3 Rfd8 22. Red3 Rg8 23. b3 Na6 24. Bf5 Nc5 25. Rg3+ Kf8 26. Bxh7 Rh8 27. Bf5 Rxh4 28. Bxe6 Nxe6 29. Nf5 Rh5 30. Ne3 Ke7 31. Nd5+ Kf8 32. Nxf6 Rh8 33. Nd7+ Ke7 34. Nxb8 Rxb8 35. Rgd3 Rc8 36. Rd7+ Kf6 37. c4 a6 38. R7d6 b5 39. Rc1 a5 40. c5 Ke7 41. Rb6 b4 42. Rb5 Nd4 43. Re1 Nxb5 44. Rxe5+ Kf6 45. f4 Nc3 46. g4 Nxa2 47. g5+ Kg6 48. c6 Nc1 49. Rxa5 Rxc6 50. Rb5 Na2 51. Ra5 Rc2 52. Kf1 Rb2 53. Ke1 Kh5 54. Kd1 Nc3+ 55. Ke1 Rxb3 56. Kf1 Rb2 57. Kg1 Kg6 58. Kf1 b3 59. Rc5 Rc2 60. Ke1 b2 61. Rc6+ Kg7 0-1


[Site "https://www.chess.com"]

[Event "Titled Tuesday Blitz August 1 Late 2023"]
[White "Taboas Rodriguez, Daniel"]
[Black "Vasques, Antonio Pedro Freixial"]
[WhiteFideId "2208466"]
[BlackFideId "1908332"]
[WhiteElo "2571"]
[BlackElo "2329"]
[Result "1-0"]
[Round "4"]
[TimeControl "180+1"]
[Date "2023.08.01"]
[WhiteClock "0:00:49"]
[BlackClock "0:00:15"]
[Board "78"]

1. d4 Nf6 2. Nf3 e6 3. c4 Bb4+ 4. Nbd2 O-O 5. a3 Be7 6. e4 d5 7. e5 Nfd7 8. Bd3 c5 9. O-O Nc6 10. Re1 cxd4 11. cxd5 exd5 12. b4 a6 13. Nb3 Re8 14. Nbxd4 Nxd4 15. Nxd4 Nf8 16. Bb2 Ne6 17. Nf5 Bf8 18. Qg4 g6 19. Qg3 Bd7 20. Nd6 Bxd6 21. exd6 Qg5 22. Qxg5 Nxg5 23. Bf6 Ne4 24. Be7 Bc6 25. f3 Nc3 26. Bf6 Nb5 27. Be7 Nd4 28. Re5 Kg7 29. Rae1 f6 30. R5e3 Kf7 31. Kf2 Bb5 32. Bxb5 axb5 33. d7 Nf5 34. dxe8=Q+ Rxe8 35. Bc5 1-0


[Site "https://www.chess.com"]

[Event "Titled Tuesday Blitz August 1 Late 2023"]
[White "2good4u734"]
[Black "Domingo Nunez, Ruben"]
[BlackFideId "22245570"]
[WhiteElo "2354"]
[BlackElo "2570"]
[Result "0-1"]
[Round "4"]
[TimeControl "180+1"]
[Date "2023.08.01"]
[WhiteClock "0:00:01"]
[BlackClock "0:01:16"]
[Board "79"]

1. Nf3 g6 2. g3 Bg7 3. Bg2 Nf6 4. O-O O-O 5. d4 d6 6. c4 Nbd7 7. Nc3 c5 8. e4 Ne8 9. Be3 Nc7 10. Qc2 Rb8 11. Rad1 b6 12. Rfe1 Bb7 13. d5 a6 14. a4 Bc8 15. Qe2 b5 16. axb5 axb5 17. cxb5 Nxb5 18. Qc2 Qb6 19. Bg5 Re8 20. Nxb5 Qxb5 21. Rb1 Qb3 22. Qxb3 Rxb3 23. Nd2 Rxb2 24. Rxb2 Bxb2 25. Nc4 Bd4 26. Rb1 f6 27. Bf4 Ba6 28. Bh3 Nf8 29. Na5 Bd3 30. Rb7 Bxe4 31. Nc6 Kf7 32. Nxd4 cxd4 33. Rb4 Bxd5 34. Rxd4 Be6 35. Bg2 Rc8 36. h4 Rc4 37. Rd2 Rc1+ 38. Kh2 Ra1 39. Rb2 Ra2 40. Rb7 Rxf2 41. Be3 Rxg2+ 42. Kxg2 Bd5+ 0-1


[Site "https://www.chess.com"]

[Event "Titled Tuesday Blitz August 1 Late 2023"]
[White "Musovic, Armin"]
[Black "Ai, Evan"]
[WhiteFideId "939935"]
[BlackFideId "2094770"]
[WhiteElo "2568"]
[BlackElo "2326"]
[Result "1-0"]
[Round "4"]
[TimeControl "180+1"]
[Date "2023.08.01"]
[WhiteClock "0:00:28"]
[BlackClock "0:00:07"]
[Board "80"]

1. a3 e5 2. d4 exd4 3. Qxd4 Nc6 4. Qa4 d5 5. Nf3 Nf6 6. Nc3 Bc5 7. Bg5 Be6 8. e3 h6 9. Bh4 a6 10. O-O-O g5 11. Bg3 b5 12. Nxb5 axb5 13. Qxb5 Bxa3 14. Qxc6+ Bd7 15. Qxc7 Qxc7 16. Bxc7 Bb4 17. Kb1 Ke7 18. Be5 Rhb8 19. Bxb8 Rxb8 20. Nd4 Ne4 21. Bd3 Nxf2 22. Bf5 Bxf5 23. Nc6+ Kd6 24. Nxb8 Nxh1 25. Rxh1 Bc8 26. Rf1 f5 27. g4 fxg4 28. Rf6+ Kc7 29. Rxh6 Bd6 30. Kc1 Bb7 31. Rh8 Bc8 32. Rh6 Bb7 33. Kd2 Be5 34. Na6+ Bxa6 35. Rxa6 Bxh2 36. Ke2 Be5 37. b4 d4 38. Re6 Bd6 39. exd4 Bc5 40. bxc5 1-0


[Site "https://www.chess.com"]

[Event "Titled Tuesday Blitz August 1 Late 2023"]
[White "Graif, William"]
[Black "Skytte, Rasmus"]
[WhiteFideId "2609835"]
[BlackFideId "1404210"]
[WhiteElo "2565"]
[BlackElo "2295"]
[Result "0-1"]
[Round "4"]
[TimeControl "180+1"]
[Date "2023.08.01"]
[WhiteClock "0:00:10"]
[BlackClock "0:00:27"]
[Board "81"]

1. e4 c5 2. Nc3 Nc6 3. Bb5 Nd4 4. Nf3 e6 5. O-O a6 6. Bd3 Nc6 7. b3 g5 8. Bb2 Bg7 9. Na4 Bxb2 10. Nxb2 g4 11. Ne1 h5 12. f3 Nf6 13. Be2 d5 14. d3 Qc7 15. c4 d4 16. f4 Bd7 17. e5 Ng8 18. a3 Nge7 19. Nc2 Nf5 20. b4 Ne3 21. Nxe3 dxe3 22. bxc5 Nd4 23. Na4 Bxa4 24. Qxa4+ Qc6 25. Qxc6+ bxc6 26. Rae1 Rb8 27. Bd1 Nf5 28. d4 Rb2 29. Ba4 Ke7 30. Bxc6 Nxd4 31. Be4 Ne2+ 32. Kh1 h4 33. Bd3 Nd4 34. Rxe3 h3 35. g3 Rhb8 36. Be4 Rd2 37. Rd3 Rbb2 38. Rxd2 Rxd2 39. c6 Kd8 40. Rb1 Kc7 41. Kg1 Ne2+ 42. Kf1 Nc3 43. Rb7+ Kc8 44. Bh7 Rxh2 45. Rxf7 Rh1+ 46. Kf2 h2 47. Bf5 exf5 48. Rh7 Rd1 49. Rxh2 Rd2+ 50. Kg1 Rxh2 51. Kxh2 Kc7 52. Kg2 Kxc6 53. Kf2 Ne4+ 54. Ke3 Nc5 55. Kd4 Ne6+ 56. Kd3 Kc5 57. Kc3 a5 58. Kd3 a4 59. Kc3 Nd4 60. Kd3 Ne6 61. Kc3 Nd8 62. Kd3 Nc6 63. Kc3 Na5 64. e6 Nxc4 65. e7 Nd6 66. Kd3 Kd5 67. Kc3 Ke6 68. Kb4 Kxe7 69. Kxa4 Ne4 70. Kb5 Nxg3 71. Kc5 Ne4+ 72. Kd4 g3 73. Ke3 Ke6 74. Kf3 Kd5 75. Ke3 Nc5 76. Kf3 Kd4 77. Kxg3 Ke4 78. Kg2 Kxf4 79. Kf2 Na4 80. Ke2 Kg3 81. Kf1 f4 82. Kg1 f3 83. Kf1 f2 84. Ke2 Kg2 85. Ke3 f1=Q 86. Ke4 Qa1 0-1


[Site "https://www.chess.com"]

[Event "Titled Tuesday Blitz August 1 Late 2023"]
[White "Thiel, Thomas"]
[Black "Vlassov, Nikolai"]
[WhiteFideId "4615964"]
[BlackFideId "4103360"]
[WhiteElo "2280"]
[BlackElo "2560"]
[Result "0-1"]
[Round "4"]
[TimeControl "180+1"]
[Date "2023.08.01"]
[WhiteClock "0:01:43"]
[BlackClock "0:02:15"]
[Board "82"]

1. e4 Nc6 2. Nf3 d5 3. exd5 Qxd5 4. Nc3 Qa5 5. Bb5 Bd7 6. O-O a6 7. Ba4 Qh5 8. d4 O-O-O 9. Bb3 Bg4 10. d5 Ne5 11. Ne4 Nxf3+ 12. gxf3 Bxf3 13. Qe1 Qh3 0-1


[Site "https://www.chess.com"]